 Dungeon Crawl Stone Soup version 0.22-a0-402-ga933591 (webtiles) character file.

1166 mortelune the Firebug (level 8, -2/41 HPs)
             Began as a Deep Elf Fire Elementalist on May 6, 2018.
             Blown up by a crimson imp (18 damage)
             ... with a wand of disintegration (9)
             ... on level 6 of the Dungeon.
             The game lasted 00:18:18 (7094 turns).

mortelune the Firebug (Deep Elf Fire Elementalist)  Turns: 7094, Time: 00:18:19

Health: -2/41      AC:  3    Str:  5    XL:     8   Next: 17%
Magic:  6/19       EV: 13    Int: 23    God:
Gold:   291        SH:  0    Dex: 15    Spells: 5/20 levels left

rFire    . . .     SeeInvis .   f - +2 hand axe (chop)
rCold    . . .     Gourm    .   (no shield)
rNeg     . . .     Faith    .   a - +0 robe
rPois    .         Spirit   .   (no helmet)
rElec    .         Reflect  .   g - +0 cloak
rCorr    .         Harm     .   (no gloves)
MR       .....                  (no boots)
Stlth    ++........             (no amulet)
HPRegen  0.13/turn              (no ring)
MPRegen  0.16/turn              (no ring)

@: no status effects
A: no striking features
a: no special abilities


You were on level 6 of the Dungeon.
You were not hungry.

You visited 2 branches of the dungeon, and saw 7 of its levels.

You collected 291 gold pieces.

Inventory:

Hand Weapons
 d - a +0 club
 e - a +0 dagger of venom
 f - a +2 hand axe of chopping (weapon)
Armour
 a - a +0 robe (worn)
 g - a +0 cloak (worn)
Wands
 h - a wand of digging (9)
Scrolls
 b - 3 scrolls of identify
 m - a scroll of remove curse
 n - 2 scrolls of fog {unknown}
 o - 3 scrolls of teleportation {unknown}
 q - a scroll of enchant weapon {unknown}
 r - a scroll of enchant armour {unknown}
 t - a scroll of amnesia {unknown}
Potions
 i - 2 potions of agility
 j - 3 potions of curing {unknown}
 k - a potion of might {unknown}
 l - a potion of lignification {unknown}
 p - a potion of brilliance {unknown}
Comestibles
 c - 11 rations


   Skills:
 - Level 2.4 Dodging
 - Level 2.4 Stealth
 + Level 6.5 Spellcasting
 * Level 6.6 Conjurations
 * Level 7.5 Fire Magic


You had 5 spell levels left.
You knew the following spells:

 Your Spells              Type           Power        Failure   Level  Hunger
a - Flame Tongue          Conj/Fire      #####        1%          1    None
b - Throw Flame           Conj/Fire      #####.       1%          2    None
c - Conjure Flame         Conj/Fire      #####...     1%          3    None
d - Sticky Flame          Conj/Fire      #####...     4%          4    ###....
e - Fireball              Conj/Fire      #####.....   12%         5    #####..


Dungeon Overview and Level Annotations

Branches:
Dungeon (6/15)             Temple (1/1) D:5

Altars:
Ashenzari
Dithmenos
Hepliaklqana
Kikubaaqudgha
Nemelex Xobeh
Okawaru
Ru
Sif Muna
Wu Jian
Yredelemnul

Shops:
D:5 =

Annotations:
D:3 Sigmund


Message History

Aim: a black bear (heavily wounded)
The flame tongue hits the black bear.
The black bear is severely wounded.
The black bear goes berserk!
Casting: Flame Tongue (safe; 1% risk of failure)
Confirm with . or Enter, or press ? or * to list all spells.
Aiming: Flame Tongue (safe; 1% risk of failure)
Press: ? - help, Shift-Dir - straight line, f/p - black bear
Aim: a black bear (severely wounded, berserk, fast, unusually strong)
The flame tongue hits the black bear.
The black bear is almost dead.
The black bear is engulfed in blazing flames.
You kill the black bear!
The crimson imp closely misses you.
The crimson imp hits you from afar with an enchanted spear.
The crimson imp zaps a wand.
You are blasted!
It is a wand of disintegration (9).
The crimson imp shouts, "Go and return not, thou delicate dizzy-eyed codpiece!"
The crimson imp zaps a wand.
You are blasted!
You die...

..# ..
#.)#.##
ā‰ˆgā‰ˆ.#
##(.#
##.#######
#.......[#
####5####..#
#....#
#@#### #.#
#.# #.# #.##
#..# # ##.#
#.## #.#
##... #.#
.....


You could see a crimson imp.

Vanquished Creatures
  An orc warrior (D:6)
  A sky beast (D:5)
  A black bear (D:6)
  A phantom (D:6)
  An ogre (D:4)
  A centaur (D:6)
  A bullfrog (D:5)
  A scorpion (D:6)
  A bullfrog skeleton (D:6)
  5 hounds
  An orc priest (D:4)
  4 orc wizards
  Terence (D:2)
  4 gnolls (D:2)
  3 adders
  A shadow imp (D:6)
  2 oozes
  An adder skeleton (D:4)
  2 worms
  A dart slug (D:1)
  3 leopard geckos
  12 orcs
  2 ball pythons
  8 bats
  3 giant cockroaches
  5 goblins
  9 hobgoblins
  9 jackals
  5 kobolds
  A ball python skeleton (D:4)
  7 frilled lizards
  5 rats
103 creatures vanquished.

Notes
Turn   | Place    | Note
-------+----------+-------------------------------------------
     0 | D:1      | mortelune the Deep Elf Fire Elementalist began the quest for the Orb.
     0 | D:1      | Reached XP level 1. HP: 10/10 MP: 6/6
   379 | D:1      | Reached XP level 2. HP: 12/15 MP: 1/8
   512 | D:1      | Learned a level 2 spell: Throw Flame
   976 | D:1      | Reached XP level 3. HP: 14/19 MP: 0/10
  1138 | D:1      | Learned a level 3 spell: Conjure Flame
  1845 | D:2      | Reached skill level 4 in Fire Magic
  2100 | D:2      | Reached XP level 4. HP: 24/24 MP: 4/12
  2553 | D:2      | Noticed Terence
  2797 | D:2      | Killed Terence
  2968 | D:3      | Noticed Sigmund
  3196 | D:3      | Reached XP level 5. HP: 28/28 MP: 11/13
  3427 | D:4      | Reached skill level 5 in Fire Magic
  3516 | D:4      | Learned a level 4 spell: Sticky Flame
  4105 | D:4      | Reached XP level 6. HP: 30/32 MP: 7/15
  4385 | D:4      | Reached skill level 5 in Spellcasting
  5102 | D:5      | Entered Level 5 of the Dungeon
  5120 | D:5      | Found a staircase to the Ecumenical Temple.
  5129 | Temple   | Entered the Ecumenical Temple
  5266 | D:5      | Noticed a sky beast
  5267 | D:5      | Found an ancient bone altar of Kikubaaqudgha.
  5283 | D:5      | Killed a sky beast
  5283 | D:5      | Reached skill level 5 in Conjurations
  5283 | D:5      | Reached skill level 6 in Fire Magic
  5283 | D:5      | Reached XP level 7. HP: 28/36 MP: 8/17
  5504 | D:5      | Found Oxoiclig's Jewellery Boutique.
  5634 | D:5      | Learned a level 5 spell: Fireball
  6674 | D:6      | Reached skill level 7 in Fire Magic
  6816 | D:6      | Reached XP level 8. HP: 18/41 MP: 0/19
  7094 | D:6      | Blown up by a crimson imp

Vault maps used:
D:1:      lemuel_arrival_river_bridge
D:2:      first_ration, uniq_terence
D:3:      overflow_temple_1_default, old_standard_altar, uniq_sigmund,
          uniq_jessica
D:5:      kiku_gazebo_pond_becter, minmay_temple_entry_junction, serial_shops,
          shop_coins, eino_curves_04
D:6:      nicolae_overflow_crystal_walls, tgw_xom, serial_shops, shop_fountains,
          uniq_crazy_yiuf_cottage, uniq_pikel
Temple:   nicolae_temple_figure_zero

Skill      XL: |  1  2  3  4  5  6  7 |
---------------+----------------------+-----
Conjurations   | 2 3 4 5 6 |  6.6
Fire Magic     | 4 5 6 7 |  7.5
Spellcasting   | 4 5 6 |  6.5
Dodging        | |  2.4
Stealth        | |  2.4

Action                   |  1- 3 |  4- 6 |  7- 9 || total
-------------------------+-------+-------+-------++-------
Melee: Club              |     1 |       |       ||     1
       Hand axe          |       |       |     4 ||     4
 Cast: Flame Tongue      |    55 |    58 |    63 ||   176
       Throw Flame       |    18 |    14 |    11 ||    43
       Conjure Flame     |     2 |     5 |     3 ||    10
       Sticky Flame      |       |     5 |    10 ||    15
       Fireball          |       |       |     1 ||     1
  Use: Scroll            |       |     4 |     1 ||     5
       Potion            |       |     2 |       ||     2
  Eat: Chunk             |     3 |     8 |     8 ||    19
       Ration            |       |     1 |       ||     1
Armor: Robe              |     8 |     4 |     9 ||    21
Dodge: Dodged            |    36 |    12 |    27 ||    75

Table legend:
 A = Spawn XP
 B = Non-spawn XP
 C = Spawn XP percentage of total XP
 D = Spawn monster count
 E = Non-spawn monster count
 F = Spawn count percentage of total count
 G = Total turns spent on level
                    A         B        C        D         E        F      G
               +---------+---------+-------+---------+---------+-------+---------
         Total |       0 |    1667 |   0.0 |       0 |     103 |   0.0 |  7094
               +---------+---------+-------+---------+---------+-------+---------
           D:1 |       0 |      47 |   0.0 |       0 |      23 |   0.0 |  1551
           D:2 |       0 |     143 |   0.0 |       0 |      28 |   0.0 |  1516
           D:3 |       0 |       8 |   0.0 |       0 |       5 |   0.0 |   200
           D:4 |       0 |     417 |   0.0 |       0 |      14 |   0.0 |  1835
           D:5 |       0 |     346 |   0.0 |       0 |      16 |   0.0 |  1187
           D:6 |       0 |     706 |   0.0 |       0 |      17 |   0.0 |   681
               +---------+---------+-------+---------+---------+-------+---------
